 Dungeon Crawl Stone Soup version 0.31-a0-278-g485e682e34 (webtiles) character file.

Game seed: 7881317868382229713

70301 AIAndy the Metamorph (level 14, -10/40 HPs)
             Began as a Felid Shapeshifter on July 15, 2023.
             Was the Champion of Nemelex Xobeh.
             Mangled by an alligator (36 damage)
             ... called by a spriggan druid
             ... on level 3 of the Lair of Beasts on July 16, 2023.
             The game lasted 01:54:49 (17800 turns).

AIAndy the Metamorph (Felid Shapeshifter)          Turns: 17800, Time: 01:54:50

Health: -10/40     AC: 16    Str: 12    XL:     14   Next: 93%
Magic:  26/26      EV: 49    Int: 15    God:    Nemelex Xobeh [******]
Gold:   158        SH:  0    Dex: 18    Spells: 13/13 levels left
                                        Lives:  0   Deaths: 4

rFire   + .          .
                       - Unarmed
rCold   + . .        (shield unavailable)
rNeg    . . .        (body armour unavailable)
rPois   ∞            (helmet unavailable)
rElec   +            (cloak unavailable)
rCorr   .            (gloves unavailable)
SInv    +            (boots unavailable)
Will    ++++.        t - amulet "Legurr" {Acrobat rElec Regen+}
Stlth   ++           E - +5 ring of evasion
HPRegen 1.06/turn    z - ring "Jemoos" {rF+ rC+ Will++ Str-3 Int+6}
MPRegen 0.20/turn

%: acrobat
@: storm-form, flying, studying 2 skills
A: cleaving, insubstantial, flying, reduced hp, very small, (claws 1), (fangs
3), see invisible, (speed 1), (shaggy fur 3), (stealthy paws), no weapons or
thrown items, no armour, multi-lived
a: Blinkbolt, Begin Untransformation, Renounce Religion, Draw Escape, Draw
Destruction, Draw Summoning, Triple Draw, Deal Four, Stack Five


You were on level 3 of the Lair of Beasts.
You worshipped Nemelex Xobeh.
Nemelex Xobeh was exalted by your worship.
You were a lightning-filled tempest!
You visited 4 branches of the dungeon, and saw 23 of its levels.
You also visited: Sewer and Bailey.

You collected 2779 gold pieces.
You spent 2621 gold pieces at shops.


Innate Abilities, Weirdness & Mutations

You are a lightning-filled tempest!
Your electrical attacks strike out in all directions at once.
You are incredibly evasive.
Your insubstantial body is immune to petrification, constriction, and being set on fire You are flying.
Your maximum health is decreased, since you lack skill for your form.
You are immune to poison.
((You have sharp claws.))
((You have razor-sharp teeth.))
You have supernaturally acute eyesight. (SInv)
((You cover ground quickly. (Speed+)))
((Your thick and shaggy fur keeps you warm. (AC +3, rC+)))
((Your paws help you pounce on unaware monsters.))
You are incapable of wielding weapons or throwing items.
You cannot wear armour.
You gain extra lives every three experience levels.


   Skills:
 - Level 10.8 Fighting
 - Level 13.8 Dodging
 - Level 12.8 Unarmed Combat
 + Level 14.7 Invocations
 * Level 17.1 Shapeshifting


You had 13 spell levels left.
You didn't know any spells.
Your spell library contained the following spells:

 Spells                   Type           Power      Damage    Failure   Level
 Magic Dart               Conj           0%         1d3       26%         1
 Cigotuvi's Dreadful Rot  Necr/Pois/Air  0%         N/A       38%         2
 Scorch                   Fire           0%         2d5       38%         2
 Searing Ray              Conj           0%         2d4       38%         2
 Wereblood                Tmut           0%         N/A       38%         2
 Ozocubu's Armour         Ice            0%         N/A       63%         3
 Tukima's Dance           Hex            0%         N/A       63%         3
 Vhi's Electric Charge    Tloc/Air       0%         N/A       63%         3
 Dispel Undead            Necr           0%         3d6       95%         4
 Flame Wave               Conj/Fire      0%         2d4       95%         4
 Fulminant Prism          Conj/Hex       0%         3d5       95%         4
 Olgreb's Toxic Radiance  Pois           0%         N/A       95%         4
 Passage of Golubria      Tloc           0%         N/A       95%         4
 Arcjolt                  Conj/Air       0%         1d10      100%        5
 Metabolic Englaciation   Hex/Ice        0%         N/A       100%        5
 Yara's Violent Unravell  Hex/Tmut       0%         3d3       100%        5
 Death Channel            Necr           0%         N/A       100%        6
 Plasma Beam              Fire/Air       0%         2x1d10    100%        6
 Simulacrum               Ice/Necr       0%         N/A       100%        6
 Summon Cactus Giant      Summ           0%         N/A       100%        6
 Summon Hydra             Summ           0%         N/A       100%        7
 Discord                  Hex            0%         N/A       100%        8
 Ignition                 Fire           0%         3d3       100%        8
 Maxwell's Capacitive Co  Air            0%         ∞         100%        8
 Sublimation of Blood     Necr           Unusable   N/A       N/A         2

Inventory:

Jewellery
 s - a +6 ring of strength
 t - the amulet "Legurr" (around neck) {Acrobat rElec Regen+}
   (You acquired it on level 6 of the Dungeon)

   [amulet of the acrobat]

   It increases your evasion while moving and waiting.
   rElec:     It insulates you from electricity.
   Regen:     It increases your rate of health regeneration.
 z - the ring "Jemoos" (right paw) {rF+ rC+ Will++ Str-3 Int+6}
   (You bought it in a shop on level 12 of the Dungeon)

   [ring of intelligence]

   Str:       It affects your strength (-3).
   Int:       It affects your intelligence (+6).
   rF:        It protects you from fire.
   rC:        It protects you from cold.
   Will:      It greatly increases your willpower.
 D - the ring "Hudischuu" {rPois AC+4 Str+3 Slay-4}
   (You acquired it on level 13 of the Dungeon)

   [ring of protection]

   AC:        It affects your AC (+4).
   Str:       It affects your strength (+3).
   Slay:      It affects your accuracy & damage with ranged weapons and melee
   (-4).
   rPois:     It protects you from poison.
 E - a +5 ring of evasion (left paw)
 N - a ring of positive energy
 S - a +6 ring of strength
Talismans
 a - a blade talisman
 b - a beast talisman
 d - a serpent talisman
 B - a dragon-blood talisman
 J - a storm talisman
Wands
 f - a wand of charming (9)
 o - a wand of polymorph (17)
 p - a wand of digging (5)
 u - a wand of flame (35)
 w - a wand of iceblast (6)
Scrolls
 i - 2 scrolls of vulnerability {!r}
 m - 3 scrolls of poison {!r}
 n - 12 scrolls of teleportation {@r4}
 q - 5 scrolls of revelation
 r - 3 scrolls of blinking
 v - 4 scrolls of immolation {!r}
 y - a scroll of butterflies
 C - 2 scrolls of fear
Potions
 c - 2 potions of resistance
 e - 5 potions of curing {@q1}
 g - 3 potions of mutation {!q}
 h - 5 potions of attraction {!q}
 j - 3 potions of brilliance
 k - 2 potions of cancellation
 l - 2 potions of magic
 x - 4 potions of ambrosia
 A - a potion of enlightenment
 G - 3 potions of haste {@q3}
 I - a potion of might
Miscellaneous
 H - a phantom mirror

Dungeon Overview and Level Annotations

Branches:
Dungeon (15/15)            Temple (0/1) D:6            Lair (5/5) D:8
  Swamp (1/4) Lair:3       Spider (0/4) Lair:2        Slime (0/5) Lair:4
    Orc (2/2) D:12            Elf (0/3) Orc:2        Vaults (0/5) D:14
 Depths (0/4) D:15          Sewer (visited)          Bailey (visited)

Altars:
Ashenzari
Dithmenos
Elyvilon
Kikubaaqudgha
Makhleb
Nemelex Xobeh
Qazlal
Ru
Trog
Uskayaw
Vehumet
Wu Jian
Xom
Yredelemnul
Zin
The Shining One
Jiyva

Shops:
D:8 !   D:12 =   Orc:2 *[(=

Portals:
Hell: Lair:5

Annotations:
D:7 1 runed translucent door, Crazy Yiuf

#....# ##.######.
##..###### ##...#P##P.
##..#..#.######.#........
#........................
##.......................
#....#♣♣.♣♣♣........!....
##...♣♣§§~♣♣PP##..##.....
#...♣♣§§≈≈♣..#####...#.P
#...♣♣§v§§♣..# #...P..
##...♣♣§§t§♣.## #......
#....♣♣~§§♣♣.#### ##.....
##...#♣♣♣♣♣♣.##.# #..P..
#...P♣#P#......####..#..
#....................#..
#...P................#..
#...#P#..............#..
#.P#####...##P###P......


You could see an alligator (strong).


Message History

Your +1 long sword of freezing closely misses the alligator.
The alligator completely misses you. x3; The alligator misses you.
The bog body points at you and mumbles some strange words.
The bolt of cold misses you. The alligator misses you.
The alligator tail-slaps you but does no damage.
The swamp worm completely misses you.
You fly upwards.
Welcome back to the Lair of Beasts!
There is a staircase to the Swamp here.
You buffet the alligator!
The alligator is lightly wounded.
You buffet the swamp worm!
The alligator closely misses you. The alligator completely misses you.
The swamp worm misses you.
You barely miss the alligator.
The alligator is lightly wounded.
You batter the swamp worm!!
You kill the swamp worm!
The alligator completely misses you. The alligator misses you.
You hit the alligator.
Lightning courses through the alligator!
The alligator is moderately wounded.
The alligator bites you. The alligator completely misses you.
You closely miss the alligator.
The alligator is moderately wounded.
The alligator completely misses you. x2
You closely miss the alligator.
The alligator is moderately wounded.
The alligator bites you!!!
Ouch! That really hurt!
You die...
Your body glows with a rainbow of weird colours and disappears.

Skill      XL: |  1  2  3  4  5  6  7  8  9 10 11 12 13 14 |
---------------+-------------------------------------------+-----
Unarmed Combat | 3 4 6 7 8 9 10 11 12 | 12.8
Shapeshifting  | 4 6 7 8 9 10 11 12 16 17 | 17.1
Dodging        | 4 6 7 9 11 13 | 13.8
Fighting       | 4 5 6 8 9 10 | 10.8
Invocations    | 1 3 5 7 8 12 14 | 14.7

Action                     |  1- 3 |  4- 6 |  7- 9 | 10-12 | 13-15 || total
---------------------------+-------+-------+-------+-------+-------++-------
  Melee: Unarmed           |    77 |   157 |   186 |   265 |   738 ||  1423
         Bite              |     6 |     6 |       |       |    48 ||    60
         Constrict         |       |    17 |    50 |    49 |    34 ||   150
         Tailslap          |       |       |       |       |    69 ||    69
         Punch             |       |       |       |       |    38 ||    38
 Invoke: Draw Destruction  |       |       |     5 |       |    44 ||    49
         Draw Summoning    |       |       |     2 |     3 |    11 ||    16
         Draw Escape       |       |       |       |       |     5 ||     5
Ability: Breathe Fire      |       |       |       |     2 |    60 ||    62
         Blinkbolt         |       |       |       |       |     4 ||     4
  Evoke: Wand              |       |       |     1 |     3 |     7 ||    11
    Use: Potion            |       |     1 |     1 |     6 |     6 ||    14
         Scroll            |       |    15 |     4 |     3 |    13 ||    35
   Stab: Sleeping          |     1 |     7 |     2 |     2 |     1 ||    13
         Distracted        |       |       |     2 |       |     3 ||     5
         Petrifying        |       |       |       |       |     2 ||     2
         Invisible         |       |       |       |       |     6 ||     6
 Armour: Skin              |     3 |    31 |    59 |    40 |   210 ||   343
  Dodge: Dodged            |    58 |    80 |   119 |   272 |   932 ||  1461
   Form: Anaconda          |       |     1 |       |       |       ||     1
         Dragon            |       |       |       |       |     1 ||     1
         Storm             |       |       |       |       |     1 ||     1

Levels and vault maps discovered:
D:1:      reono_arrival_forest_river, layout_loops_ring, minmay_parallelograms
D:2:      layout_rooms, dreamdust_ecumenical_altar_drowned_temple, hex_large,
          due_unseen_surprise, uniq_natasha
D:3:      layout_rooms
D:4:      layout_rooms, tso_metal_star, gup_sewer_entry_pipe
D:5:      layout_loops_corners, mainiacjoe_overflow_paths,
          nicolae_overflow_crystal_walls, dreamdust_wishing_well,
          minmay_misc_feat_diagonals
D:6:      layout_rooms, minmay_temple_entry_fiery
D:7:      layout_loops_ring, uniq_crazy_yiuf_cottage, uniq_duvessa
D:8:      layout_gridville, yredelemnul_altar_generic,
          overflow_temple_1_default, elyvilon_altar_5, dpeg_lair_monsters,
          serial_shops, shop, grunt_potential
D:9:      layout_loops_cross, amcnicky_altar_gilded, tgw_kikubaaqudgha,
          enter_bailey_3, uniq_maurice, uniq_joseph, uniq_harold, uniq_amaemon
D:10:     layout_loops_ring, zin_academy, minmay_overflow_temple_star_hex,
          hellmonk_guarded_unrand_seven_league_boots, uniq_fannar
D:11:     layout_irregular_city
D:12:     layout_roguey, orc_0_dummy, serial_shops, nicolae_diamond_shop,
          uniq_frances, uniq_nergalle
D:13:     layout_cave_pools
D:14:     layout_gridville, david_vaults_5
D:15:     hangedman_depths_entry_civil_slaughter, layout_loops_corners,
          nicolae_kikubaaqudgha_miasma_corner, fiery_altar_vehumet
Lair:1:   layout_gridlike, chequers_serial_rivers_micro_d,
          infiniplex_staircase_pool, lemuel_fruit_fields
Lair:2:   layout_regular_city, spider_nest_entry_a, uniq_erica
Lair:3:   layout_chaotic_city, minmay_swamp_entry_worms, uniq_josephine,
          uniq_snorg, uniq_prince_ribbit2
Lair:4:   layout_roguey, slime_entry_1, serial_bayou_shore_b,
          grunt_megastairs_3, serial_bayou_shore_b, serial_bayou_shore_b
Lair:5:   evil_forest, layout_regular_city, basic_altar, st_stairs_10,
          lemuel_fruit_tree, lemuel_fruit_fields
Swamp:1:  layout_falls_marsh, nicolae_swamp_small_spring
Orc:1:    layout_caves
Orc:2:    st_orc_pillars, layout_diamond_mine, uniq_donald

Notes
Turn   | Place    | Note
-------+----------+-------------------------------------------
     0 | D:1      | AIAndy the Felid Shapeshifter began the quest for the Orb.
     0 | D:1      | Reached XP level 1. HP: 9/9 MP: 2/2
   219 | D:1      | Reached XP level 2. HP: 13/13 MP: 3/3
   875 | D:2      | Reached XP level 3. HP: 11/16 MP: 4/4
   956 | D:2      | Reached skill level 3 in Unarmed Combat
  1147 | D:2      | Reached skill level 4 in Shapeshifting
  1211 | D:2      | Reached XP level 4. HP: 19/19 MP: 5/5
  1314 | D:2      | Found the +5 Force Lance {heavy, knockback}
  1361 | D:2      | Found a faded altar of an unknown god.
  1363 | D:2      | Noticed Natasha
  1378 | D:2      | Killed Natasha
  1626 | D:2      | Noticed Natasha
  1640 | D:2      | Killed Natasha
  1749 | D:2      | Noticed Natasha
  1755 | D:2      | Killed Natasha
  1756 | D:2      | Reached skill level 4 in Unarmed Combat
  1756 | D:2      | Reached XP level 5. HP: 22/22 MP: 6/6
  2295 | D:4      | Reached skill level 5 in Shapeshifting
  2391 | D:4      | Identified a scroll of acquirement
  2397 | D:4      | Acquired a manual of Transmutations
  2467 | D:4      | Found a glowing golden altar of the Shining One.
  2503 | D:4      | Found a glowing drain.
  2516 | Sewer    | Entered a sewer
  2549 | Sewer    | Gained mutation: You are covered in thick fur. (AC +2)
                  | [Felid growth]
  2549 | Sewer    | Reached XP level 6. HP: 17/26 MP: 7/7
  2926 | D:4      | Killed from afar by an orc priest
  2927 | D:4      | Reached XP level 5. HP: -1/17 MP: 6/6
  3251 | D:5      | Entered Level 5 of the Dungeon
  3269 | D:5      | Found an ornate altar of the Wu Jian Council.
  3315 | D:5      | Noticed an ice beast
  3322 | D:5      | Killed an ice beast
  3323 | D:5      | Reached skill level 6 in Shapeshifting
  3323 | D:5      | Reached XP level 6. HP: 8/26 MP: 7/7
  3724 | D:5      | Noticed an ice beast
  3728 | D:5      | Killed an ice beast
  3729 | D:5      | Reached skill level 7 in Shapeshifting
  3729 | D:5      | Reached XP level 7. HP: 29/30 MP: 8/8
  3770 | D:5      | Found a sparkling altar of Nemelex Xobeh.
  3796 | D:5      | Became a worshipper of Nemelex Xobeh the Trickster
  4206 | D:5      | Reached skill level 8 in Shapeshifting
  4367 | D:6      | Reached XP level 8. HP: 23/33 MP: 9/9
  4505 | D:6      | Reached skill level 9 in Shapeshifting
  4531 | D:6      | Identified the +4 scale mail "Taifehes" {Int+4 Dex+4}
  4560 | D:6      | Reached skill level 3 in Dodging
  4746 | D:6      | Reached skill level 5 in Unarmed Combat
  4822 | D:6      | Found a staircase to the Ecumenical Temple.
  4824 | D:6      | Acquired the amulet "Legurr" {Acrobat rElec Regen+}
  4980 | D:7      | Reached skill level 3 in Fighting
  4986 | D:7      | Slain by an orc warrior
  4987 | D:7      | Reached XP level 7. HP: 0/37 MP: 8/8
  5001 | D:7      | Reached skill level 4 in Dodging
  5038 | D:7      | Noticed a steam dragon
  5044 | D:7      | Killed a steam dragon
  5046 | D:7      | Reached XP level 8. HP: 34/34 MP: 9/9
  5052 | D:7      | Reached * piety under Nemelex Xobeh
  5166 | D:7      | Noticed Duvessa
  5169 | D:7      | Reached skill level 5 in Dodging
  5175 | D:7      | Killed Duvessa
  5175 | D:7      | Noticed Dowan
  5180 | D:7      | Dowan changed into Dowan the hound
  5180 | D:7      | Noticed Dowan
  5184 | D:7      | Killed Dowan the hound
  5266 | D:7      | Reached skill level 4 in Fighting
  5283 | D:7      | Received a gift from Nemelex Xobeh
  5323 | D:7      | Reached skill level 6 in Unarmed Combat
  5323 | D:7      | Reached skill level 1 in Invocations
  5363 | D:7      | Reached skill level 6 in Dodging
  5363 | D:7      | Reached XP level 9. HP: 33/39 MP: 11/11
  5514 | D:7      | Found a runed translucent door.
  5515 | D:7      | Noticed Crazy Yiuf
  5698 | D:8      | Noticed a tengu warrior
  5768 | D:8      | Found a white marble altar of Elyvilon.
  5781 | D:8      | Reached skill level 2 in Invocations
  5795 | D:8      | Reached skill level 5 in Fighting
  5803 | D:8      | Killed a tengu warrior
  5804 | D:8      | Reached skill level 7 in Dodging
  5804 | D:8      | Reached skill level 3 in Invocations
  5804 | D:8      | Reached skill level 10 in Shapeshifting
  5859 | D:8      | Noticed a cyclops
  5866 | D:8      | Killed a cyclops
  5897 | D:8      | Found a stormy altar of Qazlal.
  5992 | D:8      | Reached skill level 7 in Unarmed Combat
  5997 | D:8      | Reached XP level 10. HP: 38/45 MP: 13/13
  6036 | D:8      | Reached skill level 4 in Invocations
  6042 | D:8      | Reached skill level 6 in Fighting
  6050 | D:8      | Reached skill level 8 in Dodging
  6129 | D:8      | Reached ** piety under Nemelex Xobeh
  6154 | D:8      | Found a basalt altar of Yredelemnul.
  6156 | D:8      | Found Kalown Ruofa's Distillery.
  6163 | D:8      | Bought a potion of haste for 140 gold pieces
  6199 | D:8      | Found a staircase to the Lair.
  6199 | D:8      | Noticed a death yak
  6199 | D:8      | Noticed a death yak
  6216 | D:8      | Killed a death yak
  6222 | D:8      | Noticed a death yak
  6222 | D:8      | Noticed a death yak
  6223 | D:8      | Noticed a death yak
  6223 | D:8      | Noticed a death yak
  6223 | D:8      | Noticed a death yak
  6223 | D:8      | Noticed a death yak
  6240 | D:8      | Killed a death yak
  6247 | D:8      | Killed a death yak
  6248 | D:8      | Reached skill level 5 in Invocations
  6256 | D:8      | Killed a death yak
  6257 | D:8      | Reached skill level 8 in Unarmed Combat
  6257 | D:8      | HP: 4/55 [death yak (23)]
  6263 | D:8      | Killed a death yak
  6264 | D:8      | Reached skill level 9 in Dodging
  6264 | D:8      | Reached XP level 11. HP: 18/49 MP: 14/16
  6303 | D:8      | Killed a death yak
  6304 | D:8      | Reached skill level 7 in Fighting
  6310 | D:8      | Killed a death yak
  6314 | D:8      | Killed a death yak
  6507 | D:9      | Noticed Joseph
  6516 | D:9      | Killed Joseph
  6517 | D:9      | Reached skill level 11 in Shapeshifting
  6535 | D:9      | Noticed Amaemon
  6547 | D:9      | Killed Amaemon
  6548 | D:9      | Reached skill level 6 in Invocations
  6610 | D:9      | Found a flagged portal.
  6632 | Bailey   | Entered a bailey
  6914 | Bailey   | Reached skill level 8 in Fighting
  6914 | Bailey   | Reached skill level 11 in Dodging
  6914 | Bailey   | Reached skill level 9 in Unarmed Combat
  6914 | Bailey   | Reached skill level 7 in Invocations
  6914 | Bailey   | Gained mutation: Your thick and shaggy fur keeps you warm.
                  | (AC +3, rC+) [Felid growth]
  6914 | Bailey   | Reached XP level 12. HP: 56/56 MP: 16/18
  7012 | D:9      | Found an ancient bone altar of Kikubaaqudgha.
  7048 | D:9      | Noticed Maurice
  7057 | D:9      | Killed Maurice
  7079 | D:9      | Noticed Harold
  7088 | D:9      | Killed Harold
  7267 | D:9      | Found a sacrificial altar of Ru.
  7412 | D:9      | Received a gift from Nemelex Xobeh
  7600 | D:10     | Entered Level 10 of the Dungeon
  7637 | D:10     | Reached *** piety under Nemelex Xobeh
  7696 | D:10     | Noticed Fannar
  7705 | D:10     | Killed Fannar
  7711 | D:10     | Reached skill level 9 in Fighting
  7776 | D:10     | Received a gift from Nemelex Xobeh
  8016 | D:10     | Found a glowing silver altar of Zin.
  8313 | D:10     | Reached skill level 10 in Unarmed Combat
  8317 | D:10     | Reached skill level 12 in Shapeshifting
  8319 | D:10     | Reached skill level 8 in Invocations
  8395 | D:10     | Found the +3 pair of seven-league boots {Rampage+∞}
  8478 | D:10     | Found a bloodstained altar of Trog.
  8481 | D:10     | Found a shimmering altar of Xom.
  8481 | D:10     | Found a broken altar of Ashenzari.
  8493 | D:10     | Found a hide-covered altar of Uskayaw.
  8496 | D:10     | Found a shadowy altar of Dithmenos.
  8564 | D:11     | Reached XP level 13. HP: 60/60 MP: 20/20
  8574 | D:11     | Reached skill level 12 in Dodging
  8922 | D:11     | Reached **** piety under Nemelex Xobeh
  8946 | D:11     | Received a gift from Nemelex Xobeh
  9315 | Lair:1   | Entered Level 1 of the Lair of Beasts
  9903 | Lair:1   | Received a gift from Nemelex Xobeh
 10182 | Lair:2   | Found a hole to the Spider Nest.
 10208 | Lair:2   | Noticed Erica
 10209 | Lair:2   | Killed Erica
 10391 | Lair:2   | Reached skill level 10 in Fighting
 10415 | Lair:2   | Received a gift from Nemelex Xobeh
 10438 | Lair:2   | Reached skill level 9 in Invocations
 11127 | Lair:3   | Noticed Josephine
 11172 | Lair:3   | Killed Josephine
 11177 | Lair:3   | Reached skill level 13 in Dodging
 11236 | Lair:3   | Received a gift from Nemelex Xobeh
 11285 | Lair:3   | Reached ***** piety under Nemelex Xobeh
 11297 | Lair:3   | Noticed Prince Ribbit
 11300 | Lair:3   | Noticed Snorg
 11301 | Lair:3   | Reached skill level 11 in Unarmed Combat
 11301 | Lair:3   | Killed Prince Ribbit
 11307 | Lair:3   | Killed Snorg
 11313 | Lair:3   | HP: 5/51 [poisoned by a black mamba]
 11530 | Lair:3   | Found a staircase to the Swamp.
 11730 | Lair:4   | Received a gift from Nemelex Xobeh
 11770 | Lair:4   | Found a viscous altar of Jiyva.
 11770 | Lair:4   | Found a staircase to the Slime Pits.
 11843 | Lair:4   | Reached XP level 14. HP: 27/66 MP: 22/22
 11988 | Lair:4   | You are sucked into a shaft and drop 1 floor!
 11988 | Lair:5   | Entered Level 5 of the Lair of Beasts
 12104 | Lair:5   | Reached skill level 13 in Shapeshifting
 12149 | Lair:5   | Received a gift from Nemelex Xobeh
 12382 | Lair:5   | Found a burning altar of Makhleb.
 12396 | Lair:5   | Reached skill level 14 in Shapeshifting
 12397 | Lair:5   | HP: 1/69 [sun demon (21)]
 12397 | Lair:5   | Slain by a sun demon
 12398 | Lair:5   | Reached XP level 13. HP: -5/66 MP: 21/21
 12570 | Lair:5   | Found a shimmering altar of Xom.
 12674 | Lair:5   | Received a gift from Nemelex Xobeh
 12825 | Lair:5   | Identified a potion of resistance
 12849 | Lair:5   | Noticed a dire elephant
 12858 | Lair:5   | Killed a dire elephant
 12937 | Lair:5   | Found a gateway to Hell.
 13567 | D:12     | Found Pyenos's Jewellery Boutique.
 13580 | D:12     | Bought the ring "Jemoos" {rF+ rC+ Will++ Str-3 Int+6} for
                  | 776 gold pieces
 13607 | D:12     | Found a staircase to the Orcish Mines.
 13631 | D:12     | Reached skill level 15 in Shapeshifting
 13684 | D:12     | Noticed Nergalle
 13689 | D:12     | Killed Nergalle
 13695 | D:12     | HP: 3/76 [large slime creature (8)]
 13695 | D:12     | Mangled by a slime creature
 13696 | D:12     | Reached XP level 12. HP: -7/72 MP: 20/20
 13696 | D:12     | Noticed Frances
 13705 | D:12     | Killed Frances
 13765 | D:12     | Reached XP level 13. HP: 63/63 MP: 21/21
 14007 | D:13     | Received a gift from Nemelex Xobeh
 14070 | D:13     | Acquired a manual of Invocations
 14072 | D:13     | Acquired the ring "Hudischuu" {rPois AC+4 Str+3 Slay-4}
 14154 | D:13     | Reached skill level 10 in Invocations
 14173 | D:13     | Reached ****** piety under Nemelex Xobeh
 14175 | D:13     | Received a gift from Nemelex Xobeh
 14238 | D:13     | You are sucked into a shaft and drop 1 floor!
 14490 | D:14     | Received a gift from Nemelex Xobeh
 14499 | D:14     | Reached skill level 11 in Invocations
 14620 | D:14     | Found a gate to the Vaults.
 14627 | D:14     | Reached skill level 16 in Shapeshifting
 15217 | D:15     | Entered Level 15 of the Dungeon
 15222 | D:15     | Reached skill level 12 in Invocations
 15305 | D:15     | Noticed an ettin
 15310 | D:15     | Killed an ettin
 15369 | D:15     | Reached XP level 14. HP: 66/66 MP: 24/24
 15618 | D:15     | Found a staircase to the Depths.
 15682 | D:15     | Reached skill level 12 in Unarmed Combat
 15684 | D:15     | Reached skill level 13 in Invocations
 15701 | D:15     | Found a radiant altar of Vehumet.
 15761 | D:15     | Found an ancient bone altar of Kikubaaqudgha.
 15762 | D:15     | Received a gift from Nemelex Xobeh
 16340 | Orc:1    | Entered Level 1 of the Orcish Mines
 16473 | Orc:1    | Received a gift from Nemelex Xobeh
 16726 | Orc:2    | Entered Level 2 of the Orcish Mines
 16744 | Orc:2    | Noticed Donald
 16749 | Orc:2    | Killed Donald
 16758 | Orc:2    | Noticed an orc warlord
 16789 | Orc:2    | Killed an orc warlord
 16852 | Orc:2    | Reached skill level 14 in Invocations
 16863 | Orc:2    | Found a staircase to the Elven Halls.
 16934 | Orc:2    | Received a gift from Nemelex Xobeh
 17245 | Orc:2    | Found Waalaq's General Store.
 17248 | Orc:2    | Found Genwar's Antique Weapon Shop.
 17249 | Orc:2    | Found Sibocvo's Jewellery Boutique.
 17250 | Orc:2    | Found Ifik's Antique Armour Boutique.
 17261 | Orc:2    | Bought a storm talisman for 1705 gold pieces
 17768 | Swamp:1  | Entered Level 1 of the Swamp
 17777 | Swamp:1  | Reached skill level 17 in Shapeshifting
 17800 | Lair:3   | Mangled by an alligator

Vanquished Creatures
  Donald (Orc:2)
  An orc warlord (Orc:2)
  An eleionoma (Swamp:1)
  A dire elephant (Lair:5)
  Snorg (Lair:3)
  An ettin (D:15)
  Josephine (Lair:3)
  7 hydras
  Fannar (D:10)
  Harold (D:9)
  6 centaur warriors
  A vault guard (D:14)
  17 death yaks
  Erica (Lair:2)
  5 tengu warriors
  4 orc high priests (Orc:2)
  3 boulder beetles
  Amaemon (D:9)
  A sun demon (Lair:5)
  Nergalle (D:12)
  A fire crab (shapeshifter) (D:14)
  A skyshark (Lair:4)
  A bog body (Swamp:1)
  3 wizards
  A lindwurm (Lair:4)
  2 phantasmal warriors (D:10)
  2 deep elf pyromancers
  4 orc knights
  An orc sorcerer (Orc:2)
  6 manticores
  A will-o-the-wisp (Swamp:1)
  3 cyclopes
  10 ugly things
  5 black mambas
  A guardian serpent (D:10)
  An elephant (Lair:5)
  Maurice (D:9)
  12 cane toads
  Joseph (D:9)
  An unseen horror (D:12)
  A cane toad (shapeshifter) (D:13)
  2 torpor snails
  A gargoyle (D:14)
  2 freezing wraiths
  3 orange demons
  7 komodo dragons
  3 tengu conjurers
  An efreet (D:13)
  A yaktaur (D:15)
  6 rime drakes
  An ice devil (Lair:5)
  A red devil (Lair:5)
  6 trolls
  3 meliai (D:14)
  A polar bear (shapeshifter) (D:15)
  A hellwing (Lair:5)
  A tyrant leech (Swamp:1)
  4 polar bears
  A hornet (shapeshifter) (D:14)
  A hornet (D:11)
  7 dream sheep (Lair:5)
  A tarantella (shapeshifter) (D:13)
  11 slime creatures
  12 blink frogs
  Prince Ribbit (Lair:3)
  6 wraiths
  2 jumping spiders (Lair:2)
  A vampire (D:13)
  31 yaks
  2 wyverns
  A basilisk (shapeshifter) (D:15)
  A fire bat (Orc:2)
  A steam dragon (D:7)
  10 vampire mosquitoes
  5 basilisks
  4 acid dragons
  5 wargs
  4 swamp worms (Lair:3)
  11 water moccasins
  Duvessa (D:7)
  5 hell hounds (Lair:5)
  37 orc warriors
  3 ice beasts
  2 sky beasts (D:7)
  3 black bears
  17 wolves
  6 ogres
  15 centaurs
  A kobold brigand (D:7)
  A gnoll sergeant (D:9)
  14 bullfrogs
  3 scorpions
  7 wights
  2 killer bees (D:8)
  6 howler monkeys
  5 hounds
  2 jellies
  26 orc priests
  5 iguanas
  Natasha (thrice) (D:2)
  19 orc wizards
  2 sleepcaps
  14 adders
  6 gnolls
  2 river rats (Sewer)
  3 shadow imps
  A white imp (D:5)
  2 ufetubi (D:5)
  A worm (Orc:2)
  2 dart slugs
  78 orcs
  3 bats
  6 endoplasms
  10 giant cockroaches
  11 goblins
  8 hobgoblins
  3 jackals (D:1)
  15 kobolds
  2 quokkas (D:4)
  7 ball pythons
  5 frilled lizards
  11 rats
  A spectral goblin (D:2)
653 creatures vanquished.

Vanquished Creatures (collateral kills)
  Frances (D:12)
  A tengu warrior (D:8)
  An orc high priest (Orc:2)
  A hell knight (D:15)
  A deep troll (D:15)
  A spriggan druid (Swamp:1)
  2 orc knights (Orc:2)
  A cyclops (D:8)
  An ice devil (Lair:5)
  A troll (Orc:2)
  2 yaks (D:8)
  An acid dragon (D:8)
  A water moccasin (Lair:2)
  7 orc warriors (Orc:2)
  A centaur (D:8)
  A bullfrog (D:8)
  A killer bee (D:8)
  3 orc priests (Orc:2)
  An orc wizard (Orc:2)
  3 gnolls (Orc:2)
  2 white imps (D:8)
  18 orcs
52 creatures vanquished.

Vanquished Creatures (others)
  A human (D:9)
  6 foxfires (Swamp:1)
7 creatures vanquished.

Grand Total: 712 creatures vanquished

Table legend: (Time is in decaauts)
 A = Elapsed time spent in this place.
 B = Non-inter-level travel time spent in this place.
 C = Inter-level travel time spent in this place.
 D = Time resting spent in this place.
 E = Time spent auto-exploring this place.
 F = Levels seen in this place.
 G = Mean time per level.
                   A        B        C        D        E       F      G
               +--------+--------+--------+--------+--------+-----+--------+
         Total |  17215 |  15759 |   1456 |    320 |  11793 |  25 |  688.6 |
       Dungeon |  11231 |  10301 |    930 |    212 |   7904 |  15 |  748.7 |
          Lair |   4088 |   3605 |    483 |    103 |   2707 |   5 |  817.6 |
         Swamp |     22 |     22 |      0 |      0 |      0 |   1 |   22.0 |
  Orcish Mines |   1141 |   1100 |     41 |      5 |    752 |   2 |  570.5 |
         Sewer |    394 |    394 |      0 |      0 |    263 |   1 |  394.0 |
        Bailey |    336 |    336 |      0 |      0 |    167 |   1 |  336.0 |
               +--------+--------+--------+--------+--------+-----+--------+

Top non-repeatable levels by time:
  Lair:5: 1065 daAuts
    D:15: 1058 daAuts
     D:5: 1007 daAuts
  Lair:2: 1003 daAuts
    D:10: 953 daAuts
     D:8: 897 daAuts
     D:9: 842 daAuts
  Lair:1: 821 daAuts
     D:2: 801 daAuts
     D:7: 780 daAuts
  Lair:3: 776 daAuts
   Orc:2: 739 daAuts
    D:11: 728 daAuts
     D:1: 723 daAuts
    D:14: 713 daAuts

Table legend:
 A = Non-vault XP
 B = Vault XP
 C = Vault XP percentage of total XP
 D = Non-vault monster count
 E = Vault monster count
 F = Vault count percentage of total count
                 A         B        C        D         E       F
            +---------+---------+-------+---------+---------+-------
      Total |   92479 |   52785 |  36.3 |     504 |     201 |  28.5
            +---------+---------+-------+---------+---------+-------
        D:1 |      36 |       0 |   0.0 |      19 |       0 |   0.0
        D:2 |     148 |      37 |  20.0 |      14 |       2 |  12.5
        D:3 |      49 |       0 |   0.0 |      16 |       0 |   0.0
        D:4 |     148 |      10 |   6.3 |      17 |       5 |  22.7
        D:5 |     855 |       0 |   0.0 |      16 |       0 |   0.0
        D:6 |     780 |       0 |   0.0 |      12 |       0 |   0.0
        D:7 |    1798 |     189 |   9.5 |      40 |       2 |   4.8
        D:8 |    1474 |    9070 |  86.0 |      16 |      26 |  61.9
        D:9 |    1542 |    2929 |  65.5 |      21 |       9 |  30.0
       D:10 |    1009 |    3311 |  76.6 |      12 |       8 |  40.0
       D:11 |    4037 |       0 |   0.0 |      18 |       0 |   0.0
       D:12 |    3891 |    2301 |  37.2 |      10 |       2 |  16.7
       D:13 |    4887 |       0 |   0.0 |      12 |       0 |   0.0
       D:14 |   11889 |     843 |   6.6 |      26 |       1 |   3.7
       D:15 |   14902 |    4553 |  23.4 |      35 |       6 |  14.6
     Lair:1 |    4468 |       0 |   0.0 |      19 |       0 |   0.0
     Lair:2 |    5286 |    1280 |  19.5 |      23 |       3 |  11.5
     Lair:3 |    2786 |    4285 |  60.6 |       9 |      13 |  59.1
     Lair:4 |    6269 |     940 |  13.0 |      12 |       3 |  20.0
     Lair:5 |   12760 |   10880 |  46.0 |      43 |      28 |  39.4
    Swamp:1 |    5134 |       0 |   0.0 |      12 |       0 |   0.0
      Orc:1 |    2655 |       0 |   0.0 |      41 |       0 |   0.0
      Orc:2 |    5676 |   10029 |  63.9 |      61 |      55 |  47.4
      Sewer |       0 |      97 | 100.0 |       0 |      19 | 100.0
     Bailey |       0 |    2031 | 100.0 |       0 |      19 | 100.0
            +---------+---------+-------+---------+---------+-------
